 Dungeon Crawl Stone Soup version 0.28.0-43-g3370ac3207 (webtiles) character file.

Game seed: 8492719103897204471

44 adizb the Chucker (level 3, -8/39 HPs)
             Began as an Ogre Hunter on Mar 4, 2022.
             Mangled by Crazy Yiuf
             ... wielding a +4 quarterstaff of chaos
              (16 damage)
             ... on level 2 of the Dungeon.
             The game lasted 00:08:55 (884 turns).

adizb the Chucker (Ogre Hunter)                      Turns: 884, Time: 00:08:56

Health: -8/39      AC:  3    Str: 18    XL:     3   Next: 62%
Magic:  4/4        EV: 10    Int: 12    God:
Gold:   61         SH:  0    Dex: 15    Spells: 4/4 levels left

rFire   . . .      SeeInvis .   c - +2 war axe (vorpal)
rCold   . . .      Faith    .   (no shield)
rNeg    . . .      Spirit   .   b - +0 robe
rPois   .          Reflect  .   (helmet restricted)
rElec   .          Harm     .   (no cloak)
rCorr   .          Rampage  .   (gloves unavailable)
Will    .....                   (boots unavailable)
Stlth   ++........              (no amulet)
HPRegen 0.13/turn               f - +6 ring of dexterity
MPRegen 0.09/turn               (no ring)

@: no status effects
A: large, unfitting armour, tough skin 1
a: no special abilities


You were on level 2 of the Dungeon.
You visited 1 branch of the dungeon, and saw 2 of its levels.

You collected 61 gold pieces.

Inventory:

Hand Weapons
 c - a +2 vorpal war axe (weapon)
Missiles
 d - 2 throwing nets
 e - 18 stones
 l - 2 large rocks (quivered)
Armour
 b - a +0 robe (worn)
Jewellery
 f - a +6 ring of dexterity (left hand)
Scrolls
 g - 2 scrolls of teleportation {unknown}
 h - a scroll of summoning {unknown}
 i - a scroll of identify {unknown}
 m - a scroll of vulnerability {unknown}
 n - a scroll of amnesia {unknown}
Potions
 a - a potion of resistance {unknown}
 j - a potion of berserk rage {unknown}
 k - a potion of haste {unknown}


   Skills:
 * Level 3.8 Fighting
 + Level 0.1 Axes
 + Level 4.2 Throwing
 + Level 2.2 Dodging
 - Level 0.6 Stealth
 + Level 1.2 Spellcasting


You had 4 spell levels left.
You didn't know any spells.
Your spell library contained the following spells:

 Spells                   Type           Power      Damage    Failure   Level
 Summon Ice Beast         Ice/Summ       0%         N/A       96%         4
 Summon Mana Viper        Hex/Summ       0%         N/A       100%        5
 Monstrous Menagerie      Summ           0%         N/A       100%        7


Dungeon Overview and Level Annotations

Branches:
Dungeon (2/15)

Altars:

Annotations:
D:2 Crazy Yiuf


Innate Abilities, Weirdness & Mutations

You are too large for most types of armour.
You have tough skin. (AC +1)


Message History

Found a scroll labelled KUQIM ENUUH.
Found a stone staircase leading up.
You now have 54 gold pieces (gained 9).
n - a scroll labelled KUQIM ENUUH You see here a frilled lizard corpse.
You now have 61 gold pieces (gained 7).
Sorry, I don't know how to get there.
You completely miss the fungus. You slash the fungus!
The fungus begins to die.
You hit the fungus.
The fungus begins to die.
You hit the fungus.
The fungus begins to die.
You slash the fungus!
The fungus begins to die.
The fungus is lightly damaged.
You hit the fungus. x2; You slash the fungus!
You slash the fungus!
The fungus is lightly damaged.
You hit the fungus. x3; A nearby fungus withers and dies. x2
You hit the fungus.
The fungus is lightly damaged.
You slash the fungus!
A nearby fungus withers and dies. x2
Found a mace.
Found a runed translucent door.
Crazy Yiuf shouts!
Crazy Yiuf says, "Two!"
You open the door.
Throw: 4 large rocks
Press: ? - help, Q - select action, (/) - cycle Shift-Dir - straight line, f - Crazy Yiuf
Aim: Crazy Yiuf, wielding a +4 quarterstaff of chaos and wearing a +0 cloak (65% to hit)
You throw a large rock. The large rock hits Crazy Yiuf.
Crazy Yiuf is lightly wounded.
Crazy Yiuf hits you with a +4 quarterstaff of chaos!
Crazy Yiuf freezes you.
Crazy Yiuf hits you with a +4 quarterstaff of chaos!
* * * LOW HITPOINT WARNING * * *
Crazy Yiuf burns you.
* * * LOW HITPOINT WARNING * * *
Throw: 3 large rocks
Press: ? - help, Q - select action, (/) - cycle Shift-Dir - straight line, f/p - Crazy Yiuf
Aim: Crazy Yiuf, wielding a +4 quarterstaff of chaos and wearing a +0 cloak (lightly wounded, 65% to hit)
You throw a large rock.
The large rock barely misses Crazy Yiuf.
Crazy Yiuf hits you with a +4 quarterstaff of chaos!
You die...

....†......####....#
.......)...# #....#
.†...#.#.### ♣...P♣
.......#.### ♣♣...♣
......##...# ♣♣.♣♣
...........# ♣♣.♣
...).......# ♣.♣♣
...........# ♣♣.♣
...........# ♣@♣♣
...........# #g#
...........# ...
...........# #...#
...........# #)(.#
...........# #####
#..........#
.....###>..#########
#....######....#...#


You could see Crazy Yiuf.

Vanquished Creatures
  5 endoplasms
  4 giant cockroaches
  4 goblins
  4 hobgoblins
  5 jackals (D:2)
  2 quokkas
  A ball python (D:1)
  5 bats (D:1)
  2 frilled lizards
  3 kobolds
  3 rats (D:1)
38 creatures vanquished.

Vanquished Creatures (others)
  4 fungi (D:2)
4 creatures vanquished.

Grand Total: 42 creatures vanquished

Notes
Turn   | Place    | Note
-------+----------+-------------------------------------------
     0 | D:1      | adizb the Ogre Hunter began the quest for the Orb.
     0 | D:1      | Reached XP level 1. HP: 22/22 MP: 1/1
    75 | D:1      | Reached XP level 2. HP: 29/31 MP: 2/2
   188 | D:1      | Reached skill level 1 in Spellcasting
   350 | D:1      | Reached XP level 3. HP: 31/37 MP: 4/4
   878 | D:2      | Found a runed translucent door.
   879 | D:2      | Noticed Crazy Yiuf
   884 | D:2      | Mangled by Crazy Yiuf

Illustrated notes

Levels and vault maps discovered:
D:1:      ncdulo_smallfort, layout_rooms
D:2:      layout_rooms, uniq_crazy_yiuf_cottage

Skill      XL: |  1  2 |
---------------+-------+-----
Fighting       | 3 |  3.8
Dodging        | 2 |  2.2
Spellcasting   | 1 |  1.2
Axes           | |  0.1
Throwing       | |  4.2
Stealth        | |  0.6

Action                   || total
-------------------------++-------
Melee: Short sword       ||    49
       Punch             ||     1
       War axe           ||    17
Throw: Large rock        ||    27
       Stone             ||    15
       Throwing net      ||     3
 Stab: Held in net/web   ||     1
       Sleeping          ||     1
Armor: Robe              ||    21
Dodge: Dodged            ||    46
